 Dungeon Crawl Stone Soup version 0.23-a0-481-g60b89c1 (webtiles) character file.

1669 tilp the Spear-Bearer (level 9, -1/65 HPs)
             Began as a Merfolk Ice Elementalist on Nov 29, 2018.
             Slain by a hell rat (18 damage)
             ... summoned by a deep elf mage
             ... on level 7 of the Dungeon.
             The game lasted 00:25:54 (7484 turns).

tilp the Spear-Bearer (Merfolk Ice Elementalist)    Turns: 7484, Time: 00:25:55

Health: -1/65      AC:  5    Str:  8    XL:     9   Next: 1%
Magic:  9/12       EV: 17    Int: 18    God:
Gold:   191        SH:  3    Dex: 14    Spells: 6/12 levels left

rFire    . . .     SeeInvis .   l - +2 spear (chaos)
rCold    . . .     Gourm    .   (no shield)
rNeg     . . .     Faith    .   a - +0 robe
rPois    .         Spirit   .   g - +2 helmet
rElec    .         Reflect  +   (no cloak)
rCorr    .         Harm     .   (no gloves)
MR       +....                  (no boots)
Stlth    ++........             H - +3 amulet of reflection
HPRegen  0.20/turn              k - +2 ring of evasion
MPRegen  0.13/turn              r - ring of protection from magic

@: lethally poisoned (-1 -> -5)
A: change form in water, swift swim, stealthy swim
a: no special abilities


You were on level 7 of the Dungeon.
You were hungry.

You visited 2 branches of the dungeon, and saw 8 of its levels.
You also visited: Sewer.

You collected 341 gold pieces.
You spent 150 gold pieces at shops.

Inventory:

Hand Weapons
 b - a +0 dagger
 l - a +2 spear of chaos (weapon)
Missiles
 e - 299 stones
 t - 5 tomahawks (quivered)
 v - 44 poisoned needles
Armour
 a - a +0 robe (worn)
 g - a +2 helmet (worn)
 m - a +0 buckler
Jewellery
 k - a +2 ring of evasion (left hand)
 r - a ring of protection from magic (right hand)
 D - an uncursed ring of fire {unknown}
 H - a +3 amulet of reflection (around neck)
Wands
 A - a wand of acid (6)
 B - a wand of flame (19)
 F - a wand of enslavement (7)
Scrolls
 i - 3 scrolls of remove curse
 n - 2 scrolls of amnesia {unknown}
 q - 3 scrolls of teleportation
 w - a scroll of magic mapping {unknown}
 x - a scroll of fog {unknown}
 y - a scroll of immolation {unknown}
 E - a scroll of enchant weapon {unknown}
 I - a scroll of blinking {unknown}
Potions
 d - 2 potions of mutation
 f - a potion of invisibility
 h - 3 potions of might
 j - 6 potions of curing
 o - 5 potions of heal wounds
 p - 6 potions of agility
 s - 2 potions of haste
 u - 2 potions of brilliance
 z - a potion of berserk rage
 C - a potion of flight {unknown}
Comestibles
 c - 15 rations


   Skills:
 - Level 4.0 Fighting
 * Level 9.1 Polearms
 - Level 6.0 Dodging
 - Level 2.1 Stealth
 - Level 2.0 Spellcasting
 - Level 0.7 Conjurations
 - Level 8.4 Ice Magic


You had 6 spell levels left.
You knew the following spells:

 Your Spells              Type           Power        Failure   Level  Hunger
a - Freeze                Ice            ####         1%          1    #......
b - Throw Frost           Conj/Ice       ###...       4%          2    ###....
c - Ozocubu's Armour      Chrm/Ice       ###.....     10%         3    ###....

Your spell library contained the following spells:

 Spells                   Type           Power        Failure   Level  Hunger
 Throw Icicle             Conj/Ice       ###.....     28%         4    #####..
 Summon Ice Beast         Ice/Summ       ###.....     32%         4    #####..


Dungeon Overview and Level Annotations

Branches:
Dungeon (7/15)             Temple (1/1) D:6

Altars:
Ashenzari
Cheibriados
Dithmenos
Elyvilon
Hepliaklqana
Kikubaaqudgha
Nemelex Xobeh
Okawaru
Qazlal
Ru
Sif Muna
Trog
Vehumet
Wu Jian
Xom
Yredelemnul
Zin
The Shining One

Shops:
D:5 ?   D:6 [:

Annotations:
D:4 Sigmund
D:5 Eustachio


Message History

You feel sick.
The deep elf mage casts a spell.
The deep elf mage blinks!
You feel sick.
The hell rat twitches its whiskers.
You feel sick.
You feel sick.
You feel sick.
You feel sick.
You feel sick. The hell rat barely misses you.
You feel sick.
You feel sick.
You feel sick.
You feel sick.
You feel sick. The hell rat closely misses you.
You feel sick.
You feel sick.
There is a stone staircase leading up here.
You feel sick. The hell rat bites you!!
You die...

#.....#.#....
#.....#.#....
#...###....#
####.......#..#
#...#+#.......#
#####.#.#.#.#####.#+
#....[#.#...#####.#⌠
#.#####.#.........#§
#.r@#.....#######.#$
###.#.#....#......#'
#.#.##.#.#.####.#.
#.#....#....r...#.
##.####.#######..##
#.......# #....
######### #....
#####


You could see a hell rat.

Vanquished Creatures
  A hippogriff (D:4)
  3 ogres
  2 sky beasts (D:5)
  A necrophage (D:6)
  3 big kobolds (Sewer)
  2 bullfrogs
  A scorpion (D:5)
  A bullfrog zombie (D:5)
  2 centaur zombies
  2 crimson imps (D:6)
  A hound (D:6)
  2 iguanas (D:4)
  4 worker ants (D:5)
  4 gnolls (D:5)
  5 adders
  A shadow imp (D:5)
  2 oozes
  An adder skeleton (D:5)
  A dart slug (D:5)
  7 leopard geckos
  19 orcs
  8 giant cockroaches
  13 goblins
  8 hobgoblins
  13 jackals
  24 kobolds
  A quokka (D:5)
  7 ball pythons
  A ball python skeleton (D:4)
  2 bats
  8 frilled lizards
  A jackal zombie (D:5)
  A leopard gecko skeleton (D:5)
  16 rats
168 creatures vanquished.

Notes
Turn   | Place    | Note
-------+----------+-------------------------------------------
     0 | D:1      | tilp the Merfolk Ice Elementalist began the quest for the
                  | Orb.
     0 | D:1      | Reached XP level 1. HP: 13/13 MP: 3/3
    86 | D:1      | Reached XP level 2. HP: 13/19 MP: 0/5
   329 | D:1      | Learned a level 2 spell: Throw Frost
   532 | D:1      | Reached XP level 3. HP: 23/24 MP: 2/6
   537 | D:1      | Learned a level 3 spell: Ozocubu's Armour
  1254 | D:2      | Reached skill level 5 in Ice Magic
  1422 | D:2      | Reached XP level 4. HP: 30/30 MP: 3/7
  1719 | D:2      | Found a shimmering altar of Xom.
  2174 | D:3      | Found a glowing drain.
  2255 | Sewer    | Entered a sewer
  2418 | Sewer    | Noticed a big kobold
  2489 | Sewer    | Killed a big kobold
  2489 | Sewer    | Reached XP level 5. HP: 17/35 MP: 0/8
  2700 | Sewer    | Noticed a big kobold
  2796 | Sewer    | Killed a big kobold
  2796 | Sewer    | Reached XP level 6. HP: 41/41 MP: 0/9
  3631 | D:4      | Reached XP level 7. HP: 16/46 MP: 0/10
  3964 | D:4      | Got a transparent quarterstaff
  3965 | D:4      | Identified the cursed +1 quarterstaff "Xeorgh" {freeze,
                  | +Inv Str+7 Int-4 Dex+4} (You found it on level 4 of the
                  | Dungeon)
  4039 | D:4      | Reached skill level 1 in Polearms
  4057 | D:4      | Noticed a hippogriff
  4073 | D:4      | Killed a hippogriff
  4073 | D:4      | Reached skill level 1 in Fighting
  4073 | D:4      | Reached skill level 3 in Polearms
  4223 | D:4      | Noticed Sigmund
  4233 | D:4      | Noticed a fire elemental
  4235 | D:4      | Found a stormy altar of Qazlal.
  4236 | D:4      | Noticed an air elemental
  4236 | D:4      | Noticed a water elemental
  4454 | D:4      | Found a sparkling altar of Nemelex Xobeh.
  4454 | D:4      | Found a sacrificial altar of Ru.
  4488 | D:5      | Entered Level 5 of the Dungeon
  4585 | D:5      | Reached skill level 4 in Polearms
  4854 | D:5      | Noticed Eustachio
  5024 | D:5      | Reached skill level 5 in Polearms
  5024 | D:5      | Reached XP level 8. HP: 57/57 MP: 2/11
  5128 | D:5      | Found Ysoq Cent's Magic Scroll Emporium.
  5158 | D:5      | Bought a scroll of identify for 24 gold pieces
  5158 | D:5      | Bought a scroll of teleportation for 36 gold pieces
  5158 | D:5      | Bought a scroll of enchant armour for 90 gold pieces
  5195 | D:5      | Reached skill level 6 in Polearms
  5396 | D:5      | Reached skill level 5 in Dodging
  6120 | D:6      | Reached skill level 7 in Polearms
  6481 | D:6      | Found Ryhiadgh's Book Shoppe.
  6501 | D:6      | Found Axefrop's Armour Boutique.
  6531 | D:6      | Reached skill level 8 in Polearms
  6590 | D:6      | Found a staircase to the Ecumenical Temple.
  6647 | Temple   | Entered the Ecumenical Temple
  7039 | D:7      | Reached skill level 9 in Polearms
  7039 | D:7      | Reached XP level 9. HP: 40/65 MP: 12/12
  7243 | D:7      | Noticed a deep elf mage
  7484 | D:7      | Slain by a hell rat

Vault maps used:
D:1:      shiori_arrival_maze, fountainhead
D:2:      tgw_xom, minmay_quadrilaterals
D:3:      portal_sewer_entry_f
D:4:      amethyst_overflow_temple_binary, first_ration, corexii_checkpoint_a,
          nicolae_qazlal_style_of_elements, uniq_sigmund
D:5:      corexii_shantytown, serial_shops, shop, minmay_ogre_servants,
          uniq_eustachio
D:6:      minmay_temple_entry_glassed_door, serial_shops, shop,
          nicolae_shop_behind_doors
D:7:      guppyfry_early_elven_hall
Temple:   eino_temple_lava
Sewer:    kennysheep_pipe_town

Skill      XL: |  1  2  3  4  5  6  7  8 |
---------------+-------------------------+-----
Ice Magic      | 4 5 6 7 8 |  8.4
Polearms       | 5 9 |  9.1
Fighting       | 2 4 |  4.0
Dodging        | 4 6 |  6.0
Stealth        | |  2.1
Spellcasting   | |  2.0
Conjurations   | |  0.7

Action                   |  1- 3 |  4- 6 |  7- 9 || total
-------------------------+-------+-------+-------++-------
Melee: Dagger            |    28 |    59 |       ||    87
       Spear             |       |    14 |   264 ||   278
 Cast: Freeze            |    53 |    67 |    36 ||   156
       Throw Frost       |     2 |     2 |     2 ||     6
       Ozocubu's Armour  |       |     5 |     5 ||    10
  Use: Scroll            |       |     4 |     9 ||    13
 Stab: Sleeping          |     1 |     5 |    16 ||    22
       Confused          |       |       |     4 ||     4
       Petrified         |       |       |     5 ||     5
       Paralysed         |       |       |     4 ||     4
  Eat: Chunk             |     3 |     7 |    11 ||    21
       Ration            |       |       |     1 ||     1
Armor: Robe              |    11 |    17 |    43 ||    71
Dodge: Dodged            |    41 |    81 |   198 ||   320
Block: Other             |       |       |     1 ||     1

Table legend:
 A = Non-vault XP
 B = Vault XP
 C = Vault XP percentage of total XP
 D = Non-vault monster count
 E = Vault monster count
 F = Vault count percentage of total count
                 A         B        C        D         E       F
            +---------+---------+-------+---------+---------+-------
      Total |    1897 |     488 |  20.5 |      94 |      74 |  44.0
            +---------+---------+-------+---------+---------+-------
        D:1 |      37 |      10 |  21.3 |      23 |       2 |   8.0
        D:2 |      48 |      24 |  33.3 |      11 |      11 |  50.0
        D:3 |      25 |      15 |  37.5 |      14 |       6 |  30.0
        D:4 |     449 |       6 |   1.3 |      10 |       2 |  16.7
        D:5 |     718 |     107 |  13.0 |      22 |      29 |  56.9
        D:6 |     527 |       0 |   0.0 |      12 |       0 |   0.0
        D:7 |      93 |       0 |   0.0 |       2 |       0 |   0.0
      Sewer |       0 |     326 | 100.0 |       0 |      24 | 100.0
            +---------+---------+-------+---------+---------+-------
